Map: Acropolis LE

Players

Elazer

  • Race: Zerg Zerg
  • League: Master
  • Spawn Location: 11:00

Serral - Winner!

  • Race: Zerg Zerg
  • League: Grandmaster
  • Spawn Location: 5:00

Event: HomeStory Cup XIX

VOD

Have the link to the VOD?

Description

Time

  • Played on: June 30, 2019, 8:31 a.m.
  • Length: 17:48

All games in this series

Show
View Real Time Build Order
Export as new Build Order

Elazer Zerg 

Build Orders: Hatch First 

Get SALT Encoding   

  12  0:00  Drone  
  13  0:12  Overlord  
  13  0:16  Drone  
  14  0:30  Drone x2  
  16  0:46  Hatchery  
  15  0:50  Drone  
  15  0:54  Drone  
  17  0:57  Drone  
  18  1:08  Extractor  
  17  1:12  Spawning Pool  
  17  1:15  Drone  
  17  1:18  Drone  
  18  1:27  Drone  
  19  1:38  Drone  
  20  1:49  Drone  
  21  1:59  Drone, Queen x2, Overlord  
  26  2:07  Metabolic Boost  
  26  2:09  Zergling x2  
  26  2:10  Drone  
  28  2:20  Drone  
  28  2:21  Drone  
  30  2:30  Drone  
  30  2:33  Hatchery  
  30  2:37  Drone  
  31  2:41  Drone  
  31  2:43  Baneling Nest  
  31  2:46  Drone  
  32  2:52  Drone  
  32  2:53  Overlord  
  33  3:04  Drone  
  33  3:05  Drone  
  35  3:06  Drone  
  35  3:10  Overlord  
  35  3:11  Queen  
  35  3:12  Drone  
  39  3:13  Drone  
  39  3:15  Zergling x2  
  39  3:17  Zergling x2  
  42  3:21  Zergling x2  
  42  3:25  Evolution Chamber  
  43  3:27  Drone x2  
  43  3:32  Baneling  
  43  3:35  Baneling, Zergling x2  
  43  3:37  Zergling x2  
  43  3:38  Zergling x4  
  43  3:39  Drone  
  48  3:42  Drone x3  
  48  3:47  Drone x2  
  53  3:51  Overlord  
  53  4:02  Drone x2, Overlord  
  53  4:04  Zerg Missile Weapons Level 1  
  53  4:10  Zergling x4  
  53  4:16  Drone x4, Overlord  
  58  4:19  Lair  
  58  4:24  Queen  
  58  4:26  Overlord  
  58  4:27  Drone x2  
  58  4:30  Extractor  
  58  4:31  Drone, Extractor  
  61  4:38  Drone x2, Roach Warren  
  63  4:40  Drone  
  63  4:46  Drone x3  
  63  4:47  Drone  
  63  4:50  Drone  
  63  4:51  Overlord  
  68  4:55  Drone x3, Pneumatized Carapace  
  68  4:59  Overlord  
  71  5:02  Extractor  
  71  5:03  Extractor  
  68  5:08  Drone x2  
  68  5:11  Drone  
  68  5:13  Overlord  
  71  5:15  Drone x3  
  71  5:20  Glial Reconstitution  
  71  5:21  Overseer, Overlord  
  74  5:22  Hatchery  
  74  5:23  Overlord  
  73  5:29  Drone x3  
  73  5:30  Extractor  
  73  5:34  Overlord, Roach x2  
  73  5:35  Roach  
  81  5:42  Roach x3  
  87  5:44  Drone  
  87  5:45  Drone x3  
  91  5:51  Drone  
  91  5:55  Evolution Chamber  
  91  5:57  Overlord  
  91  5:58  Roach x3  
  91  6:01  Roach  
  99  6:05  Overlord  
  99  6:08  Roach x4  
  99  6:10  Roach, Overlord  
  109  6:14  Overlord  
  109  6:17  Roach  
  109  6:18  Roach  
  113  6:22  Overlord  
  113  6:23  Roach  
  115  6:28  Zerg Ground Armor Level 1, Overlord, Zerg Missile Weapons Level 2  
  115  6:32  Drone x2  
  117  6:35  Ravager x2  
  117  6:36  Drone x2  
  117  6:37  Roach  
  123  6:42  Roach  
  123  6:43  Roach x3  
  131  6:48  Overlord  
  131  6:50  Roach  
  131  6:53  Spore Crawler  
  132  6:59  Roach x7  
  132  7:00  Overlord  
  143  7:07  Overlord  
  143  7:08  Roach x3  
  149  7:13  Overseer  
  149  7:15  Drone x3  
  152  7:18  Extractor  
  152  7:19  Overlord  
  152  7:20  Roach x2  
  152  7:21  Infestation Pit, Ravager x2  
  157  7:22  Ravager  
  157  7:28  Roach x2  
  157  7:29  Roach x3  
  167  7:35  Roach x3  
  173  7:43  Roach x6  
  185  7:46  Spine Crawler  
  185  7:48  Ravager  
  185  7:53  Drone x2  
  185  7:54  Drone  
  185  7:57  Roach x5  
  198  8:05  Roach  
  200  8:09  Drone x2  
  200  8:10  Drone x2  
  198  8:14  Drone, Hive  
  198  8:17  Roach  
  200  8:22  Spine Crawler  
  200  8:23  Spine Crawler x2  
  200  8:25  Drone x3  
  200  8:31  Spine Crawler  
  199  8:34  Spine Crawler  
  199  8:40  Roach  
  200  8:55  Roach x2  
  198  9:03  Roach  
  190  9:16  Roach x19  
  200  9:22  Roach x4  
  192  9:34  Roach x5  
  184  9:39  Roach x8  
  184  9:43  Ravager  
  184  9:44  Ravager  
  200  9:47  Zerg Ground Armor Level 2, Zerg Missile Weapons Level 3  
  200  9:48  Extractor  
  194  9:59  Roach x8  
  199  10:01  Ravager  
  199  10:04  Ravager  
  199  10:05  Ravager  
  200  10:18  Spine Crawler  
  197  10:26  Drone x3  
  193  10:29  Roach x3  
  199  10:40  Roach x10  
  188  10:45  Roach x8  
  195  10:50  Drone x3  
  195  10:51  Hydralisk Den  
  197  10:59  Spine Crawler, Ravager  
  197  11:00  Ravager  
  197  11:03  Roach  
  192  11:17  Roach x5  
  200  11:21  Lurker Den  
  198  11:29  Drone  
  199  11:33  Overseer  
  199  11:35  Hatchery, Roach  
  200  11:42  Muscular Augments  
  200  11:43  Overseer  
  198  11:53  Hatchery  
  170  12:03  Roach x16  
  196  12:09  Roach x2  
  200  12:20  Roach  
  176  12:30  Roach  
  176  12:31  Roach x12  
  187  12:41  Roach x2  
  191  12:46  Hatchery  
  190  12:55  Roach x4  
  200  13:00  Ravager  
  200  13:02  Ravager  
  200  13:03  Grooved Spines  
  200  13:08  Overseer  
  192  13:24  Hydralisk x6  
  187  13:34  Viper x3  
  187  13:36  Hydralisk  
  187  13:37  Hydralisk  
  190  13:46  Hydralisk x6  
  188  13:54  Hatchery  
  187  14:01  Drone x3, Extractor  
  189  14:02  Extractor  
  189  14:03  Drone x3  
  189  14:12  Hydralisk x4  
  189  14:14  Adaptive Talons  
  195  14:33  Overseer  
  195  14:34  Overseer  
  195  14:43  Hydralisk x6  
  167  14:57  Hydralisk x7  
  142  15:12  Drone x3  
  144  15:25  Drone  
  144  15:26  Drone x6  
  146  15:31  Lurker x7  
  146  15:34  Lurker  
  154  15:42  Lurker x2  
  156  15:44  Lurker x2  
  158  15:53  Hydralisk  
  158  15:54  Hydralisk  
  140  16:11  Hydralisk x6  
  140  16:17  Hydralisk x2  
  156  16:22  Hydralisk  
  158  16:27  Nydus Network  
  158  16:30  Hydralisk x2  
  161  16:39  Hydralisk  
  153  16:40  Hydralisk x2  
  159  16:49  Overlord  
  159  16:50  Overlord x2  
  159  17:04  Nydus Canal  
  159  17:13  Overseer  
  135  17:24  Hydralisk  
Show
View Real Time Build Order
Export as new Build Order

Serral Zerg - Winner!

Build Orders: Hatch First, Lurkers 

Get SALT Encoding   

  12  0:00  Drone  
  13  0:12  Overlord  
  13  0:16  Drone  
  14  0:30  Drone  
  14  0:31  Drone  
  16  0:47  Hatchery  
  15  0:50  Drone  
  15  0:54  Drone  
  17  0:57  Drone  
  18  1:08  Extractor  
  17  1:12  Spawning Pool  
  17  1:15  Drone  
  17  1:18  Drone  
  18  1:28  Drone  
  19  1:39  Drone  
  20  1:50  Drone  
  21  1:58  Queen  
  21  1:59  Queen  
  21  2:00  Zergling x2  
  21  2:01  Overlord  
  26  2:07  Metabolic Boost  
  26  2:11  Drone  
  26  2:12  Drone  
  28  2:21  Drone x2  
  30  2:33  Hatchery  
  30  2:36  Drone  
  30  2:41  Baneling Nest  
  30  2:42  Drone  
  30  2:48  Drone  
  30  2:49  Overlord  
  31  2:55  Drone x2  
  33  3:06  Zergling x6  
  33  3:08  Zergling x6  
  33  3:11  Zergling x2  
  40  3:14  Overlord  
  40  3:17  Drone  
  40  3:19  Drone  
  42  3:24  Queen  
  44  3:33  Evolution Chamber  
  43  3:34  Baneling x2  
  43  3:35  Drone x2  
  43  3:38  Drone x2  
  43  3:39  Drone  
  48  3:43  Drone x2  
  48  3:45  Drone  
  51  3:52  Overlord  
  51  3:54  Drone x2  
  52  3:56  Drone  
  52  4:07  Zergling x4  
  52  4:09  Zerg Missile Weapons Level 1  
  54  4:11  Extractor  
  54  4:12  Extractor  
  54  4:14  Zergling x2, Drone x5  
  54  4:16  Drone x2  
  59  4:21  Lair  
  59  4:24  Overlord  
  59  4:26  Drone  
  59  4:27  Drone  
  59  4:29  Drone  
  59  4:30  Drone  
  63  4:38  Drone x2  
  65  4:39  Roach Warren  
  65  4:40  Baneling x2  
  65  4:41  Drone  
  65  4:43  Drone  
  66  4:46  Drone x2  
  66  4:48  Overlord  
  66  4:52  Overlord  
  68  5:03  Drone x2  
  68  5:04  Drone x4  
  68  5:07  Overlord  
  74  5:11  Extractor x2  
  74  5:12  Overlord  
  74  5:13  Overlord  
  72  5:18  Glial Reconstitution  
  71  5:28  Drone x6, Extractor  
  76  5:29  Drone x4  
  79  5:35  Pneumatized Carapace  
  79  5:37  Overseer  
  79  5:40  Hatchery  
  79  5:41  Drone x3  
  81  5:46  Overlord  
  81  5:49  Overlord  
  81  5:54  Drone, Evolution Chamber  
  81  5:58  Overlord  
  81  5:59  Roach x6  
  81  6:03  Zerg Missile Weapons Level 2  
  93  6:06  Roach x2  
  93  6:10  Overlord  
  97  6:12  Roach x2  
  101  6:18  Spore Crawler  
  101  6:20  Roach x3  
  101  6:22  Overseer, Spore Crawler  
  105  6:26  Overlord  
  105  6:28  Overlord  
  105  6:33  Zerg Ground Armor Level 1  
  105  6:34  Roach x3  
  105  6:36  Roach  
  105  6:37  Roach  
  105  6:38  Roach  
  117  6:46  Overseer  
  117  6:47  Overlord  
  117  6:59  Drone x2  
  117  7:00  Drone  
  116  7:05  Queen  
  116  7:07  Drone x3  
  116  7:08  Roach x7  
  135  7:16  Overlord  
  135  7:17  Ravager x3  
  135  7:18  Tunneling Claws  
  135  7:20  Burrow, Roach x3  
  144  7:27  Roach  
  144  7:28  Roach x3  
  152  7:36  Overlord x2  
  152  7:37  Infestation Pit  
  152  7:38  Ravager x2  
  152  7:43  Roach x6  
  165  7:54  Roach x4  
  165  7:55  Roach x3  
  179  8:02  Extractor  
  179  8:04  Roach x6  
  189  8:10  Overlord x2  
  187  8:14  Hive  
  187  8:18  Roach  
  187  8:19  Roach x2  
  191  8:36  Zerg Ground Armor Level 2, Roach x3  
  185  8:49  Roach x7  
  185  8:51  Roach x3  
  199  8:59  Hydralisk Den  
  199  9:01  Roach x6  
  200  9:03  Roach  
  200  9:04  Roach x2  
  200  9:08  Roach  
  200  9:09  Roach x4  
  196  9:16  Roach x12  
  177  9:26  Zerg Missile Weapons Level 3  
  177  9:31  Roach x5  
  176  9:32  Roach x2  
  168  9:39  Roach x6  
  168  9:43  Ravager  
  168  9:44  Ravager  
  182  9:46  Ravager  
  182  9:47  Roach x30  
  182  9:52  Ravager x2  
  181  9:56  Roach x9  
  181  10:00  Roach  
  181  10:01  Roach x3  
  189  10:08  Overseer  
  189  10:13  Roach x11  
  189  10:18  Roach  
  189  10:19  Roach x4  
  197  10:28  Roach  
  199  10:31  Overlord  
  196  10:40  Roach x12  
  193  10:44  Roach  
  193  10:45  Roach x2  
  193  10:46  Roach x5  
  200  10:51  Muscular Augments  
  200  10:52  Lurker Den  
  199  10:58  Ravager  
  199  11:00  Roach x3  
  199  11:02  Extractor  
  199  11:07  Roach x3  
  197  11:17  Ravager x2  
  194  11:18  Hatchery  
  194  11:20  Roach x3  
  199  11:41  Roach x16  
  193  11:49  Roach x3  
  193  11:53  Roach x2  
  197  11:54  Roach  
  197  11:55  Roach  
  197  11:58  Roach x4  
  197  12:01  Roach x2  
  197  12:03  Roach x3  
  197  12:04  Zerg Ground Armor Level 3  
  197  12:06  Roach x4  
  196  12:11  Roach x3  
  200  12:19  Hydralisk x2  
  200  12:21  Hydralisk  
  190  12:26  Hydralisk x2  
  179  12:31  Hydralisk  
  179  12:32  Hydralisk x2  
  179  12:33  Adaptive Talons  
  169  12:39  Queen  
  169  12:45  Roach x9, Lurker  
  169  12:49  Lurker x2  
  169  12:50  Roach x35  
  200  13:04  Overseer  
  200  13:11  Hatchery  
  189  13:27  Lurker x2  
  189  13:28  Lurker x3  
  189  13:30  Hydralisk x8  
  189  13:33  Grooved Spines  
  182  13:47  Hydralisk x5  
  184  13:51  Roach x12  
  180  14:02  Drone x6  
  186  14:03  Drone, Lurker  
  186  14:04  Lurker x2  
  191  14:19  Hydralisk  
  191  14:20  Hydralisk x3  
  193  14:31  Extractor x2  
  191  14:41  Roach x4  
  191  14:42  Roach x3  
  187  14:51  Hydralisk x11  
  148  15:02  Roach x15  
  166  15:21  Hydralisk x6  
  163  15:22  Roach  
  163  15:23  Roach x2  
  163  15:24  Overseer  
  163  15:26  Overlord  
  178  15:29  Overlord  
  178  15:30  Overlord  
  178  15:41  Viper x4  
  190  15:52  Hydralisk x4, Roach  
  190  15:53  Roach  
  179  16:05  Hydralisk x3  
  179  16:06  Hydralisk, Roach  
  179  16:07  Roach  
  153  16:18  Hydralisk x5  
  145  16:19  Overseer  
  145  16:20  Overseer  
  153  16:27  Drone  
  153  16:29  Viper  
  157  16:34  Lurker x3  
  157  16:39  Drone  
  160  16:41  Lurker x2  
  162  16:49  Hydralisk x4, Hatchery, Roach x7  
  169  16:56  Lurker  
  169  16:58  Overlord  
  169  16:59  Roach x3  
  176  17:06  Hydralisk x3  
  182  17:13  Hydralisk  
  182  17:14  Hydralisk x2  
  188  17:20  Hydralisk x3  
  169  17:33  Overseer  
Tags
 
Add a new tag
Caveats
  • Supply blocks, unpowered buildings, or Contaminate may cause inaccurate times.
  • Supply counts are checked every 10 seconds.